 Dungeon Crawl Stone Soup version 0.31.0-12-g77e489cdc1 (webtiles) character file.

Game seed: 4670392458058722090

560 Hrothgar the Shield-Bearer (level 7, -7/60 HPs)
             Began as a Gnoll Fighter on Feb 11, 2024.
             Was a Believer of Ru.
             Killed by divine providence
             ... invoked by an orc priest
              (12 damage)
             ... on level 5 of the Dungeon.
             The game lasted 00:10:56 (4216 turns).

Hrothgar the Shield-Bearer (Gnoll Fighter)          Turns: 4216, Time: 00:10:57

Health: -7/60      AC:  7    Str: 16    XL:     7   Next: 31%
Magic:  10/10      EV: 10    Int:  9    God:    Ru [**....]
Gold:   9          SH:  0    Dex: 13    Spells: 7/11 levels left

rFire   x . .        g - +8 quarterstaff of the Powerful God {freeze, Fly rF- Dex+2}
rCold   . . .        (shield currently unavailable)
rNeg    + + .        b - +0 scale mail
rPois   .            l - -2 helmet of Giarhiem {rN++ Stlth+}
rElec   .            (no cloak)
rCorr   .            (no gloves)
SInv    .            (no boots)
Will    .....        (no amulet)
Stlth   ++           (no ring)
HPRegen 0.30/turn    (no ring)
MPRegen 0.12/turn

%: no passive effects
@: flying
A: fangs 1, hated by all, strong nose, distributed training
a: Renounce Religion


You were on level 5 of the Dungeon.
You worshipped Ru.
Ru was pleased with you.
You visited 1 branch of the dungeon, and saw 5 of its levels.

You collected 204 gold pieces.
You spent 195 gold pieces at shops.

Inventory:

Hand Weapons
 a - a +1 war axe
 g - the +8 quarterstaff of the Powerful God (weapon) {freeze, Fly rF- Dex+2}
   (You found it on level 3 of the Dungeon)

   Dex+2:     It affects your dexterity (+2).
   rF-:       It makes you vulnerable to fire.
   Fly:       It grants you flight.
Missiles
 f - 4 atropa-tipped darts (quivered)
Armour
 b - a +0 scale mail (worn)
 c - a +1 buckler
 l - the -2 helmet of Giarhiem (worn) {rN++ Stlth+}
   (You bought it in a shop on level 5 of the Dungeon)

   rN++:      It greatly protects you from negative energy.
   Stlth+:    It makes you more stealthy.
Talismans
 j - a maw talisman
Wands
 h - a wand of polymorph (23)
Scrolls
 e - 2 scrolls of teleportation
 m - a scroll of amnesia
 n - a scroll of noise
 o - a scroll of revelation
Potions
 d - 2 potions of might
 i - a potion of curing


   Skills:
 + Level 7.0 Fighting
 + Level 2.5 Short Blades
 + Level 2.5 Long Blades
 + Level 5.2 Axes
 + Level 2.5 Maces & Flails
 + Level 2.5 Polearms
 + Level 2.5 Staves
 + Level 2.5 Ranged Weapons
 + Level 2.5 Throwing
 + Level 7.0 Armour
 + Level 2.5 Dodging
 + Level 2.5 Stealth
 + Level 7.0 Shields
 + Level 2.5 Unarmed Combat
 + Level 2.5 Spellcasting
 + Level 2.0 Conjurations
 + Level 2.0 Hexes
   Level 0.0 Summonings
 + Level 2.0 Necromancy
 + Level 2.0 Translocations
 + Level 2.0 Fire Magic
 + Level 2.0 Ice Magic
 + Level 2.0 Air Magic
 + Level 2.0 Earth Magic
 + Level 2.0 Alchemy
 + Level 2.8 Invocations
 + Level 2.5 Evocations
 + Level 2.2 Shapeshifting


You had 7 spell levels left.
You knew the following spells:

 Your Spells              Type           Power      Damage    Failure   Level
a - Scorch                Fire           8%         2d5       54%         2
b - Mercury Vapours       Alch/Air       8%         N/A       54%         2

Your spell library contained the following spells:

 Spells                   Type           Power      Damage    Failure   Level
 Sting                    Conj/Alch      16%        1d4       38%         1
 Flame Wave               Conj/Fire      4%         2d5       99%         4
 Olgreb's Toxic Radiance  Alch           4%         N/A       99%         4
 Summon Cactus Giant      Summ           Unusable   N/A       N/A         6

Dungeon Overview and Level Annotations

Branches:
Dungeon (5/15)
 Temple: D:4-7

Altars:
Ashenzari
Nemelex Xobeh
Ru
Uskayaw
Wu Jian

Shops:
D:3 !!(   D:5 *


Innate Abilities, Weirdness & Mutations

You have very sharp teeth.
You are hated by all.
Your uncanny sense of smell can sniff out nearby items.
Your experience applies equally to all skills.


Message History

The orc priest calls down the wrath of Beogh upon you.
Beogh smites you!
* * * LOW HITPOINT WARNING * * *
You feel much better. The iguana closely misses you.
You hit the iguana.
The iguana seems to slow down.
You freeze the iguana.
You kill the iguana!
The orc wizard returns to its original shape as it dies.
The orc priest begins to pray, but is stunned by your conviction!
You hit the orc priest. You freeze the orc priest.
The orc priest is heavily wounded.
You barely miss the orc priest.
The orc priest hits you but does no damage.
The orc priest invokes the aid of Beogh against you.
Beogh smites you!
* * * LOW HITPOINT WARNING * * *
You sock the orc priest! You freeze the orc priest.
The orc priest is severely wounded.
The orc priest barely misses you.
You redirect the orc priest's attack!
The orc priest hits you but does no damage.
Unknown command.
You feel better.
The orc priest hits you but does no damage.
The orc priest mumbles some strange prayers to Beogh against you.
Pain shoots through your body!
You focus your inner power and illuminate the orc priest in retribution!
You bludgeon the orc priest!! You freeze the orc priest.
You kill the orc priest!
The orc priest hits you with a +0 mace!
Unknown command.
You hit the orc priest. You freeze the orc priest.
The orc priest is almost dead.
The orc priest invokes the aid of Beogh against you.
Beogh smites you!
* * * LOW HITPOINT WARNING * * *
You closely miss the orc priest.
The orc priest is almost dead.
The orc priest mumbles some strange prayers to Beogh against you.
Beogh smites you!
You die...

.. .. .... ..## ##.
.... ... #.. ...
#.##.####.###
#.)..##.....## #
#...#.......#.#
##..#o......#.#
#...)@.._.....#
#....#.......#.#
#....#...[...#.#
.......##.....##.#
#:##...####.####.# #.
##............#
###### #
#.##..##.###.# #....#
#....###.....###....#
........(.#...##....#


You could see an orc priest.

Vanquished Creatures
  A black bear (D:4)
  2 ogres (D:4)
  A phantom (D:4)
  A hound (D:4)
  An orc priest (D:5)
  An iguana (D:5)
  3 gnolls (D:2)
  3 adders
  2 river rats (D:3)
  A dart slug (D:1)
  3 ribbon worms
  8 orcs
  An endoplasm (D:1)
  A giant cockroach (D:3)
  5 goblins
  5 hobgoblins
  A quokka (D:4)
  7 ball pythons
  2 bats
  3 frilled lizards
  6 kobolds
  6 rats
64 creatures vanquished.

Notes
Turn   | Place    | Note
-------+----------+-------------------------------------------
     0 | D:1      | Hrothgar the Gnoll Fighter began the quest for the Orb.
     0 | D:1      | Reached XP level 1. HP: 23/23 MP: 1/1
   229 | D:1      | Reached XP level 2. HP: 29/29 MP: 2/2
   252 | D:2      | Reached XP level 3. HP: 20/35 MP: 2/4
   253 | D:2      | Reached skill level 1 in Invocations
   507 | D:3      | Reached skill level 1 in Short Blades
   507 | D:3      | Reached skill level 1 in Long Blades
   507 | D:3      | Reached skill level 1 in Maces & Flails
   507 | D:3      | Reached skill level 1 in Polearms
   507 | D:3      | Reached skill level 1 in Staves
   507 | D:3      | Reached skill level 1 in Ranged Weapons
   507 | D:3      | Reached skill level 1 in Throwing
   507 | D:3      | Reached skill level 1 in Dodging
   507 | D:3      | Reached skill level 1 in Stealth
   507 | D:3      | Reached skill level 1 in Unarmed Combat
   507 | D:3      | Reached skill level 1 in Spellcasting
   507 | D:3      | Reached skill level 1 in Evocations
   524 | D:3      | Identified the +8 quarterstaff of the Powerful God {freeze,
                  | Fly rF- Dex+2}
   543 | D:3      | Reached skill level 1 in Shapeshifting
   543 | D:3      | Reached XP level 4. HP: 12/41 MP: 5/5
   558 | D:3      | Found Laxtiofu's Distillery.
   584 | D:3      | Found a broken altar of Ashenzari.
   622 | D:3      | Found Ahosedok's Distillery.
   632 | D:3      | Bought a potion of curing for 33 gold pieces
   794 | D:3      | Reached skill level 1 in Conjurations
   794 | D:3      | Reached skill level 1 in Hexes
   794 | D:3      | Reached skill level 1 in Summonings
   794 | D:3      | Reached skill level 1 in Necromancy
   794 | D:3      | Reached skill level 1 in Translocations
   794 | D:3      | Reached skill level 1 in Fire Magic
   794 | D:3      | Reached skill level 1 in Ice Magic
   794 | D:3      | Reached skill level 1 in Air Magic
   794 | D:3      | Reached skill level 1 in Earth Magic
   794 | D:3      | Reached skill level 1 in Alchemy
   829 | D:3      | Found Wipsias's Weapon Emporium.
  1577 | D:4      | Noticed an ogre
  1582 | D:4      | Noticed a black bear
  1583 | D:4      | Noticed a phantom
  1584 | D:4      | Killed an ogre
  1585 | D:4      | Reached XP level 5. HP: 35/47 MP: 7/7
  1588 | D:4      | Reached XP level 6. HP: 41/53 MP: 8/8
  1591 | D:4      | Killed a black bear
  1592 | D:4      | Reached skill level 5 in Axes
  1602 | D:4      | Learned a level 2 spell: Scorch
  1656 | D:4      | Found an ornate altar of the Wu Jian Council.
  1687 | D:4      | Found a sacrificial altar of Ru.
  1696 | D:4      | Became a worshipper of Ru the Awakened
  1919 | D:4      | Found a sparkling altar of Nemelex Xobeh.
  2016 | D:4      | Reached XP level 7. HP: 50/60 MP: 10/10
  2179 | D:4      | Found a hazy altar of Hepliaklqana.
  2545 | D:3      | Bought a potion of curing for 33 gold pieces
  2545 | D:3      | Bought a potion of heal wounds for 55 gold pieces
  3315 | D:1      | Gained mutation: You are hated by all. [Ru sacrifice]
  3315 | D:1      | Reached * piety under Ru
  3315 | D:1      | Reached ** piety under Ru
  3727 | D:1      | Learned a level 2 spell: Mercury Vapours
  4126 | D:5      | Entered Level 5 of the Dungeon
  4136 | D:5      | Found Fuosathru's CLEARANCE SALE!.
  4149 | D:5      | Bought the -2 helmet of Giarhiem {rN++ Stlth+} for 74 gold
                  | pieces
  4184 | D:5      | Found a hide-covered altar of Uskayaw.
  4216 | D:5      | Killed from afar by an orc priest

Illustrated notes

Levels and vault maps discovered:
D:1:      dpeg_cavernosity, layout_basic
D:2:      layout_rooms, chequers_serial_rivers_large_b
D:3:      layout_basic, overflow_temple_1_default, serial_shops, shop,
          nicolae_shop_crystal, shop, portal_sewer_entry_e
D:4:      layout_basic, nicolae_ru_path_of_blood, nzn_wu_jian_contemplation,
          mainiacjoe_overflow_cross_hatched, nicolae_overflow_crystal_walls
D:5:      layout_rooms, old_standard_altar, minmay_temple_entry_waves,
          nicolae_shop_clearance, uniq_menkaure

Skill      XL: |  1  2  3  4  5  6  7 |
---------------+----------------------+-----
Invocations    | 1 2 |  2.8
Short Blades   | 1 2 |  2.5
Long Blades    | 1 2 |  2.5
Maces & Flails | 1 2 |  2.5
Polearms       | 1 2 |  2.5
Staves         | 1 2 |  2.5
Ranged Weapons | 1 2 |  2.5
Throwing       | 1 2 |  2.5
Dodging        | 1 2 |  2.5
Stealth        | 1 2 |  2.5
Unarmed Combat | 1 2 |  2.5
Spellcasting   | 1 2 |  2.5
Evocations     | 1 2 |  2.5
Shapeshifting  | 1 2 |  2.2
Conjurations   | 1 2 |  2.0
Hexes          | 1 2 |  2.0
Summonings     | 1 0 |  0.0
Necromancy     | 1 2 |  2.0
Translocations | 1 2 |  2.0
Fire Magic     | 1 2 |  2.0
Ice Magic      | 1 2 |  2.0
Air Magic      | 1 2 |  2.0
Earth Magic    | 1 2 |  2.0
Alchemy        | 1 2 |  2.0
Axes           | 5 |  5.2
Fighting       | 7 |  7.0
Armour         | 7 |  7.0
Shields        | 7 |  7.0

Action                     |  1- 3 |  4- 6 |  7- 9 || total
---------------------------+-------+-------+-------++-------
  Melee: War axe           |    30 |    33 |       ||    63
         Bite              |     1 |     6 |     2 ||     9
         Quarterstaff      |       |    39 |    23 ||    62
  Throw: Dart              |       |     3 |       ||     3
   Cast: Scorch            |       |       |     8 ||     8
 Invoke: Sacrifice Love    |       |       |     1 ||     1
  Evoke: Wand              |       |       |     1 ||     1
    Use: Scroll            |     5 |       |     4 ||     9
         Potion            |       |     2 |     2 ||     4
 Armour: Scale mail        |    31 |    65 |    12 ||   108
  Dodge: Dodged            |    23 |    45 |     9 ||    77
  Block: Buckler           |     7 |    13 |       ||    20
